 Dungeon Crawl Stone Soup version 0.31-a0-1476-g8a4046a (webtiles) character file.

Game seed: 16906934014323164425

116420 edsrzf the Unseen (level 16, 0/106 (109) HPs)
             Began as an Octopode Hedge Wizard on Dec 28, 2023.
             Was a High Priest of Sif Muna.
             Shot with a sling bullet by a faun (1 damage)
             ... led by a satyr
             ... on level 3 of the Shoals on Dec 29, 2023.
             The game lasted 01:56:20 (34910 turns).

edsrzf the Unseen (Octopode Hedge Wizard)          Turns: 34910, Time: 01:56:20

HP:   0/106 (109)   AC:  7    Str: 15    XL:     16   Next: 71%
MP:   31/32         EV: 27    Int: 30    God:    Sif Muna [*****.]
Gold: 1149          SH:  5    Dex: 12    Spells: 17/39 levels left

rFire   + . .        b - +1 scimitar (flame)
rCold   . . .        (no shield)
rNeg    . . .        j - +2 hat
rPois   .            V - amulet of reflection
rElec   .            d - +5 ring of evasion
rCorr   .            m - +5 ring of evasion
SInv    .            z - +6 ring of strength
Will    .....        B - +4 ring of protection
Stlth   ++++++       L - ring of protection from fire
HPRegen 0.37/turn    P - ring of flight
MPRegen 0.23/turn    e - +6 ring of intelligence
                     (no ring)

%: reflection
@: silenced, weak-willed, flying, hasted, lightly drained, very quick
A: almost no armour, amphibious, 8 rings, camouflage 1, gelatinous body 1,
(nimble swimmer 1), tentacles
a: Renounce Religion


You were on level 3 of the Shoals.
You worshipped Sif Muna.
Sif Muna was extremely pleased with you.
You visited 5 branches of the dungeon, and saw 26 of its levels.
You also visited: Ossuary.

You collected 2378 gold pieces.
You spent 1229 gold pieces at shops.

Inventory:

Hand Weapons
 a - a +2 dagger of protection
 b - a +1 scimitar of flaming (weapon)
 l - a +0 vampiric dagger
 O - a +2 short sword of speed
Missiles
 r - a throwing net {=f}
 s - 23 poisoned darts
 I - 2 curare-tipped darts
 Q - 4 datura-tipped darts
Armour
 j - a +2 hat (worn)
Jewellery
 d - a +5 ring of evasion (left tentacle)
 e - a +6 ring of intelligence (on tentacle)
 m - a +5 ring of evasion (right tentacle)
 z - a +6 ring of strength (on tentacle)
 B - a +4 ring of protection (on tentacle)
 C - an amulet of guardian spirit
 D - an amulet of the acrobat
 L - a ring of protection from fire (on tentacle)
 P - a ring of flight (on tentacle)
 U - an amulet of faith {!P}
 V - an amulet of reflection (around mantle)
 W - the ring "Upracept" {Fire ^Drain rElec rCorr Int+7}
   (You found it on level 14 of the Dungeon)

   [ring of fire]

   Fire:      It enhances your fire magic.
   Int+7:     It affects your intelligence (+7).
   rF+:       It protects you from fire.
   rC-:       It makes you vulnerable to cold.
   rElec:     It insulates you from electricity.
   rCorr:     It protects you from acid and corrosion.
   ^Drain:    It drains your maximum health when unequipped.
Wands
 y - a wand of flame (79)
 K - a wand of charming (20)
 M - a wand of roots (11)
 X - a wand of polymorph (3)
Scrolls
 f - a scroll of identify {@r1}
 g - a scroll of brand weapon
 h - 3 scrolls of revelation
 k - 2 scrolls of enchant weapon
 q - 3 scrolls of torment
 u - 5 scrolls of immolation
 x - 7 scrolls of vulnerability
 A - 3 scrolls of poison
 F - 2 scrolls of amnesia
 G - 2 scrolls of enchant armour
 T - a scroll of summoning
Potions
 c - a potion of magic
 o - 4 potions of mutation {!q}
 p - 3 potions of enlightenment
 t - a potion of haste
 v - 2 potions of brilliance
 w - 5 potions of lignification
 E - 2 potions of resistance
 H - 5 potions of attraction
 J - 2 potions of might
 N - 2 potions of cancellation
 S - a potion of curing


   Skills:
 - Level 10.0 Fighting
 - Level 12.3(13.1) Short Blades
 + Level 7.3(10.7) Long Blades
 - Level 10.0 Dodging
 - Level 17.0 Stealth
 - Level 12.0 Spellcasting
 - Level 7.0 Conjurations
 - Level 7.0 Hexes
 - Level 1.0 Summonings
 - Level 5.0 Translocations
 - Level 4.0 Ice Magic
 - Level 6.0 Air Magic
 - Level 6.0 Alchemy
 - Level 10.0 Invocations


You had 17 spell levels left.
You knew the following spells:

 Your Spells              Type           Power      Damage    Failure   Level
a - Vhi's Electric Charg  Tloc/Air       100%       N/A       3%          4
b - Blink                 Tloc           96%        N/A       1%          2
c - Stone Arrow           Conj/Erth      78%        3d11      1%          3
d - Tukima's Dance        Hex            57%        N/A       1%          3
h - Ensorcelled Hibernat  Hex/Ice        100%       N/A       1%          2
s - Slow                  Hex            100%       N/A       1%          1
x - Magic Dart            Conj           100%       1d8       1%          1
z - Dazzling Flash        Conj/Hex       100%       N/A       1%          3
C - Mephitic Cloud        Conj/Alch/Air  54%        N/A       1%          3

Your spell library contained the following spells:

 Spells                   Type           Power      Damage    Failure   Level
 Foxfire                  Conj/Fire      100%       2x1d9     1%          1
 Cigotuvi's Dreadful Rot  Necr/Alch/Air  84%        N/A       1%          2
 Jinxbite                 Hex            100%       N/A       1%          2
 Mercury Vapours          Alch/Air       100%       N/A       1%          2
 Momentum Strike          Conj/Tloc      100%       3d10      1%          2
 Static Discharge         Conj/Air       100%       3-8/arc   1%          2
 Confusing Touch          Hex            57%        N/A       1%          3
 Inner Flame              Hex/Fire       39%        N/A       1%          3
 Sigil of Binding         Hex            57%        N/A       1%          3
 Cause Fear               Hex            28%        N/A       1%          4
 Sandblast                Erth           36%        2d10      2%          1
 Call Imp                 Summ           48%        N/A       2%          2
 Airstrike                Air            26%        2d(4-20)  2%          4
 Volatile Blastmotes      Fire/Tloc      66%        2d15      3%          3
 Manifold Assault         Tloc           48%        N/A       3%          4
 Passage of Golubria      Tloc           48%        N/A       3%          4
 Sublimation of Blood     Necr           18%        N/A       4%          2
 Arcjolt                  Conj/Air       27%        1d37      5%          5
 Silence                  Hex/Air        27%        N/A       5%          5
 Yara's Violent Unravell  Hex/Alch       27%        3d12      5%          5
 Anguish                  Hex/Necr       19%        N/A       7%          4
 Brom's Barrelling Bould  Conj/Erth      39%        2d6       7%          4
 Summon Lightning Spire   Summ/Air       39%        N/A       7%          4
 Alistair's Intoxication  Alch           34%        N/A       7%          5
 Fugue of the Fallen      Necr           18%        N/A       9%          3
 Passwall                 Erth           18%        N/A       9%          3
 Ignite Poison            Fire/Alch      36%        N/A       9%          4
 Sticky Flame             Fire/Alch      36%        2d8       9%          4
 Summon Mana Viper        Hex/Summ       42%        N/A       16%         5
 Summon Blazeheart Golem  Fire/Summ      21%        N/A       22%         4
 Eringya's Noxious Bog    Alch           26%        4d6       36%         6
 Dispersal                Tloc           24%        N/A       50%         6
 Borgnjor's Vile Clutch   Necr/Erth      9%         N/A       61%         5
 Starburst                Conj/Fire      19%        6d7       71%         6
 Enfeeble                 Hex            28%        N/A       80%         7
 Summon Hydra             Summ           12%        N/A       100%        7
 Discord                  Hex            28%        N/A       100%        8
 Disjunction              Tloc           24%        N/A       100%        8
 Maxwell's Capacitive Co  Air            26%        ∞         100%        8


Dungeon Overview and Level Annotations

Branches:
Dungeon (15/15)            Temple (1/1) D:4            Lair (5/5) D:10
 Shoals (3/4) Lair:3       Spider (0/4) Lair:3        Slime (0/5) Lair:4
    Orc (2/2) D:12            Elf (0/3) Orc:2        Vaults (0/5) D:13
 Depths (0/4) D:15        Ossuary (visited)

Altars:
Ashenzari
Cheibriados
Dithmenos
Elyvilon
Fedhas
Gozag
Hepliaklqana
Kikubaaqudgha
Makhleb
Nemelex Xobeh
Okawaru
Qazlal
Ru
Sif Muna
Trog
Uskayaw
Vehumet
Wu Jian
Xom
Yredelemnul
Zin
The Shining One
Jiyva

Shops:
D:6 (   D:7 *   D:8 ((*(:   Orc:1 *   Orc:2 ([?[   Shoals:1 *   Shoals:3 !

Annotations:
D:5 exclusion: ice beast
D:8 Psyche
D:10 exclusion: acid dragon
D:14 3 runed translucent doors, Letuz's ghost, journeyman MiFi
Lair:2 exclusions: boulder beetle, 2 hydras and polar bear
Lair:5 1 runed translucent door, Anotheraccount's ghost, journeyman DsFi


Innate Abilities, Weirdness & Mutations

You cannot wear most types of armour.
You are amphibious.
You can wear up to eight rings at the same time.
Your skin changes colour to match your surroundings (Stealth+).
Your rubbery body absorbs attacks. (AC +1, EV +1)
((You are camouflaged when in or above water. (Stealth+)))
You have tentacles for arms and can constrict up to eight enemies at once.


Message History

You stick the alligator snapping turtle like a pincushion!!!!
Your weapon exudes an aura of protection.
You squeeze the alligator snapping turtle, but do no damage.
The alligator snapping turtle is almost dead.
The alligator snapping turtle bites you!!
You barely miss the alligator snapping turtle.
You squeeze the alligator snapping turtle.
The alligator snapping turtle is almost dead.
Casting: Ensorcelled Hibernation (safe; 1% risk of failure)
Confirm with . or Enter, or press ? or * to list all spells.
Aiming: Ensorcelled Hibernation (safe; 1% risk of failure)
Press: ? - help, Shift-Dir - straight line, f - alligator snapping turtle
Aim: an alligator snapping turtle (almost dead, chance to affect: 37%)
The alligator snapping turtle looks drowsy...
The helpless alligator snapping turtle fails to defend itself.
You spit the alligator snapping turtle like a pig!!!!!
You kill the alligator snapping turtle!
Sif Muna accepts your kill.
Magic restored.
f - a scroll of identify {@r1} You don't currently have any unidentified items.
Unknown command.
Found Wahae's Distillery.
K - a wand of charming (20) (gained 3 charges)
A snapping turtle comes into view.
There is an entrance to Wahae's Distillery here.
A snapping turtle is nearby!
Press: ? - help, v - describe, . - travel A granite statue.
You see here a staff of alchemy.
A faun comes into view. It is wielding a +0 quarterstaff.
Found a plate armour.
A faun comes into view. It is wielding a +0 spear.
A satyr comes into view. It is wielding a +0 club.
A faun comes into view. It is wielding a +0 spear.
The faun shouts!
The satyr shouts!
The faun shouts!
A merfolk comes into view. It is wielding a +0 trident.
The faun unwields a +0 spear.
The faun wields a +0 sling.
The faun shoots a sling bullet.
The sling bullet completely misses you.
The faun unwields a +0 spear.
The faun wields a +0 sling.
The faun shoots a sling bullet.
The sling bullet hits you!! The faun completely misses you.
The merfolk shouts!
Casting: Ensorcelled Hibernation (safe; 1% risk of failure)
Confirm with . or Enter, or press ? or * to list all spells.
Aiming: Ensorcelled Hibernation (safe; 1% risk of failure)
Press: ? - help, Shift-Dir - straight line, f - faun
Aim: a faun, wielding a +0 quarterstaff (chance to affect: 54%)
The faun resists with significant effort.
The faun completely misses you.
The faun shoots a sling bullet.
The sling bullet completely misses you.
The faun shoots a sling bullet.
The sling bullet misses you.
The satyr plays a lulling melody on its pipes!
You fall asleep.
The faun barely misses you. The faun casts a spell at you.
Your willpower is stripped away!
The faun shoots a sling bullet.
The sling bullet hits you!!
You wake up.
The satyr unwields a +0 club.
The satyr wields a +0 longbow.
The satyr shoots an arrow.
The arrow hits you!!
Unknown command.
Okay, then.
Okay, then.
Okay, then.
Press: ? - help, v - describe, . - travel
Here: a faun, wielding a +0 quarterstaff The floor.
As you read the scroll of silence {!r}, it crumbles to dust.
A profound silence engulfs you.
The faun hits you with a +0 quarterstaff.
The faun shoots a sling bullet.
The sling bullet hits you!!
* * * LOW HITPOINT WARNING * * *
Your +2 dagger of protection goes still.
Your +1 scimitar of flaming bursts into flame!
b - a +1 scimitar of flaming (weapon)
The faun completely misses you.
You slash the faun! You burn the faun. You grab the faun.
The faun is moderately wounded.
You constrict the faun.
The faun shoots a sling bullet.
The sling bullet completely misses you. The merfolk misses you.
The satyr shoots an arrow.
The arrow closely misses you. The faun barely misses you.
You slash the faun! You burn the faun.
The faun is severely wounded.
You constrict the faun.
The faun shoots a sling bullet.
The sling bullet completely misses you.
The satyr shoots an arrow.
The arrow closely misses you.
The merfolk hits you from afar with a +0 trident!
* * * LOW HITPOINT WARNING * * *
You feel yourself speed up.
You constrict the faun. The faun completely misses you.
The faun shoots a sling bullet.
The sling bullet misses you.
The satyr shoots an arrow.
The arrow completely misses you.
The merfolk hits you from afar with a +0 trident!
* * * LOW HITPOINT WARNING * * *
You release your grip on the faun.
The faun unwields a +0 quarterstaff.
The faun wields a +0 sling of draining.
You sense an unholy aura.
The faun shoots a sling bullet.
The sling bullet hits you!
* * * LOW HITPOINT WARNING * * *
You feel drained.
You die...

.~~~~~~~~..........##..~~~≈≈≈
.~~~~~~~~..........##..~~~~≈≈
~~~~~~~~~~............~~~~~~≈
~~~~~~~~∩~~......#...~~~~~~~
~~~~~~~~~~~|.............~~
~~......######....##......
~...♣...# #...## #.....
~.......# #...# ####.
≈.♣.8.♣.# #~~@### .......#
#~~...# ≈...♣...# #~..c....~.
≈......... ♣.~cmc[..~~.
≈######......♣.c~~~~~~~~ ≈
..+#####..~~~~~~~ ..#
#~..~~~~~~ #~..~~≈≈~~
#..~~~≈≈≈≈


You could see a satyr, a merfolk and 3 fauns.

Vanquished Creatures
  Saint Roka (Orc:2)
  Jorgrun (Shoals:1)
  Kirke (Lair:3)
  2 stone giants (Shoals:1)
  2 very ugly things (D:15)
  An ettin (Orc:1)
  3 merfolk impalers
  A fire dragon (D:15)
  4 hydras
  Erolcha (D:11)
  A rakshasa (D:15)
  A vault guard (D:13)
  3 merfolk avatars
  An alligator snapping turtle (Shoals:3)
  4 boulder beetles
  A satyr (Shoals:2)
  5 two-headed ogres
  5 centaur warriors
  A death knight (D:13)
  A two-headed ogre (shapeshifter) (D:13)
  2 tengu warriors (D:15)
  5 orc high priests (Orc:2)
  Nergalle (Lair:3)
  5 skysharks
  A deep troll (shapeshifter) (D:15)
  9 sea snakes
  An arcanist (D:13)
  Pikel (D:6)
  7 orc knights
  3 harpies (Shoals:1)
  5 deep elf pyromancers
  4 orc sorcerers (Orc:2)
  2 wolf spiders
  7 cyclopes
  A faun (Shoals:2)
  4 manticores
  An elephant (Lair:4)
  16 ugly things
  Maurice (D:11)
  A merfolk siren (Shoals:2)
  11 black mambas
  A meliai (D:13)
  A water nymph (Shoals:3)
  2 kobold blastminers
  A guardian serpent (Lair:5)
  A gargoyle (D:12)
  2 unseen horrors (D:13)
  13 cane toads
  2 kobold demonologists
  2 efreet
  12 komodo dragons
  4 rime drakes
  4 trolls
  2 tengu conjurers
  14 merfolk
  2 polar bears
  Prince Ribbit (D:8)
  2 wind drakes (Shoals:1)
  4 hornets
  5 blink frogs
  3 snapping turtles (Shoals:1)
  8 dream sheep
  7 slime creatures
  2 jumping spiders (Lair:3)
  2 shadows
  A spriggan (Lair:4)
  A hog (shapeshifter) (D:13)
  3 water elementals
  A vampire (D:12)
  11 wyverns
  54 yaks
  Grum (Lair:1)
  3 basilisks
  2 steam dragons
  A hog (Lair:4)
  5 wargs
  7 redbacks
  10 vampire mosquitoes
  3 acid dragons
  24 water moccasins
  47 orc warriors
  Duvessa (D:4)
  A sky beast (D:7)
  A swamp drake (D:12)
  13 ogres
  11 wolves
  3 lemures (D:6)
  8 centaurs
  2 kobold brigands
  An elf zombie (Ossuary)
  9 bullfrogs
  Blork the orc (D:4)
  A gnoll sergeant (D:6)
  6 scorpions
  21 killer bees
  6 howler monkeys
  An electric eel (D:6)
  2 bombardier beetles
  6 hounds
  32 orc priests
  3 iguanas
  Natasha (D:4)
  4 gnoll boudas
  27 orc wizards
  2 hound zombies (Ossuary)
  4 mummies (Ossuary)
  3 adders
  19 gnolls
  A white imp (D:8)
  2 adder zombies (Ossuary)
  116 orcs
  2 ball pythons (D:3)
  7 endoplasms
  3 giant cockroaches
  2 gnoll zombies (Ossuary)
  6 hobgoblins
  10 jackals
  4 quokkas
  A bat (D:2)
  2 frilled lizards (D:2)
  3 goblins (D:1)
  A goblin zombie (Ossuary)
  3 hobgoblin zombies (Ossuary)
  20 kobolds
  An orc zombie (Ossuary)
  2 quokka zombies (D:5)
  2 rats (D:2)
776 creatures vanquished.

Vanquished Creatures (collateral kills)
  Ilsuiw (Shoals:2)
  An orc priest (Orc:2)
2 creatures vanquished.

Vanquished Creatures (others)
  A dancing weapon (Shoals:1)
  2 humans (Lair:4)
  A centaur (D:10)
  Dowan (D:4)
  A gnoll (D:7)
  An orc (Orc:1)
7 creatures vanquished.

Grand Total: 785 creatures vanquished

Notes
Turn   | Place    | Note
-------+----------+-------------------------------------------
     0 | D:1      | edsrzf the Octopode Hedge Wizard began the quest for the
                  | Orb.
     0 | D:1      | Reached XP level 1. HP: 11/11 MP: 4/4
   248 | D:1      | Reached skill level 2 in Conjurations
   248 | D:1      | Reached XP level 2. HP: 17/17 MP: 3/6
  1125 | D:2      | Reached XP level 3. HP: 21/21 MP: 1/7
  1127 | D:2      | Learned a level 1 spell: Slow
  1130 | D:2      | Learned a level 2 spell: Blink
  1259 | D:2      | Reached skill level 3 in Conjurations
  2328 | D:4      | Reached skill level 4 in Conjurations
  2328 | D:4      | Reached XP level 4. HP: 27/27 MP: 4/8
  2458 | D:4      | Reached XP level 5. HP: 31/31 MP: 5/9
  2508 | D:4      | Reached skill level 5 in Conjurations
  2644 | D:4      | Noticed Natasha
  2652 | D:4      | Killed Natasha
  2697 | D:4      | Reached XP level 6. HP: 36/36 MP: 4/10
  2775 | D:4      | Noticed Blork the orc
  2776 | D:4      | Noticed Duvessa
  2780 | D:4      | Noticed Dowan
  2797 | D:4      | Killed Blork the orc
  2798 | D:4      | Reached skill level 6 in Conjurations
  2819 | D:4      | Identified 2 potions of curing
  2822 | D:4      | Killed Duvessa
  2833 | D:5      | Entered Level 5 of the Dungeon
  2897 | D:5      | Found a sand-covered staircase.
  2910 | Ossuary  | Entered an ossuary
  3012 | Ossuary  | Reached skill level 7 in Conjurations
  3012 | Ossuary  | Reached XP level 7. HP: 27/41 MP: 11/11
  3449 | D:5      | Found a stormy altar of Qazlal.
  3709 | D:4      | Reached skill level 3 in Dodging
  3751 | D:4      | Killed Dowan
  3812 | D:4      | Reached skill level 4 in Spellcasting
  4208 | D:4      | Found a staircase to the Ecumenical Temple.
  4226 | Temple   | Entered the Ecumenical Temple
  4241 | Temple   | Became a worshipper of Sif Muna the Loreminder
  4270 | D:4      | Reached skill level 4 in Dodging
  4401 | D:5      | Found a faded altar of an unknown god.
  4401 | D:5      | Found a broken altar of Ashenzari.
  4408 | D:5      | Found a blossoming altar of Fedhas.
  4412 | D:5      | Found a shimmering altar of Xom.
  4420 | D:5      | Found a faded altar of an unknown god.
  4481 | D:5      | Reached XP level 8. HP: 46/46 MP: 4/14
  4838 | D:5      | Identified the +2 leather armour of Jerphicko {+Blink rElec
                  | Will+}
  4939 | D:6      | Reached skill level 5 in Spellcasting
  4999 | D:6      | Reached skill level 5 in Dodging
  5133 | D:6      | Found Rugruot's Antique Weapon Boutique.
  5374 | D:6      | Reached skill level 6 in Spellcasting
  5395 | D:6      | Reached skill level 6 in Dodging
  5410 | D:6      | Reached * piety under Sif Muna
  5659 | D:6      | Noticed Pikel
  5744 | D:6      | Killed Pikel
  5745 | D:6      | Reached skill level 7 in Dodging
  5745 | D:6      | Reached XP level 9. HP: 46/51 MP: 15/19
  5877 | D:6      | Reached skill level 7 in Spellcasting
  6630 | D:7      | Identified 3 scrolls of teleportation
  7091 | D:7      | Learned a level 3 spell: Mephitic Cloud
  7111 | D:7      | Found an opulent altar of Gozag.
  7133 | D:7      | Found Gozag's Platinum Reserve.
  7432 | D:7      | Reached skill level 8 in Dodging
  7582 | D:8      | Found Hakh's Weapon Shoppe.
  7688 | D:8      | Found Couh Idy's Book Shop.
  7798 | D:8      | Reached skill level 1 in Fighting
  7843 | D:8      | Noticed Psyche
  7959 | D:8      | Learned a level 2 spell: Ensorcelled Hibernation
  7962 | D:8      | Noticed Prince Ribbit
  7975 | D:8      | Reached skill level 8 in Spellcasting
  7983 | D:8      | Killed Prince Ribbit
  7984 | D:8      | Reached skill level 2 in Fighting
  8008 | D:8      | Found an iron altar of Okawaru.
  8081 | D:8      | Found Saes's Weapon Boutique.
  8100 | D:8      | Found Acraiss's Weapon Emporium.
  8131 | D:8      | Reached XP level 10. HP: 55/61 MP: 15/22
  8238 | D:8      | Found Feekus's General Store.
  8241 | D:8      | Identified 3 scrolls of blinking
  8242 | D:8      | Identified 10 scrolls of identify
  8242 | D:8      | Identified 5 potions of heal wounds
  8243 | D:8      | Identified 2 potions of mutation
  8244 | D:8      | Identified a potion of enlightenment
  8245 | D:8      | Identified 2 potions of haste
  8246 | D:8      | Identified a potion of brilliance
  8247 | D:8      | Identified 3 potions of lignification
  8248 | D:8      | Identified a potion of degeneration
  8249 | D:8      | Identified a potion of resistance
  8250 | D:8      | Identified a potion of attraction
  8353 | D:9      | Noticed a two-headed ogre
  8411 | D:9      | Reached skill level 3 in Fighting
  8411 | D:9      | Reached skill level 3 in Stealth
  8479 | D:9      | Killed a two-headed ogre
  8480 | D:9      | Reached skill level 4 in Fighting
  8480 | D:9      | Reached skill level 5 in Stealth
  8826 | D:9      | Reached skill level 6 in Stealth
  8837 | D:9      | Reached skill level 5 in Fighting
  8858 | D:9      | Reached skill level 7 in Stealth
  9386 | D:9      | Reached skill level 8 in Stealth
  9389 | D:9      | Reached skill level 6 in Fighting
  9459 | D:9      | Reached ** piety under Sif Muna
  9619 | D:9      | Found a burning altar of Makhleb.
  9974 | D:10     | Entered Level 10 of the Dungeon
  9984 | D:10     | Reached skill level 9 in Stealth
 10067 | D:10     | Found a staircase to the Lair.
 10093 | D:10     | Reached XP level 11. HP: 74/74 MP: 16/23
 10275 | D:10     | Reached skill level 7 in Fighting
 10543 | D:10     | Reached *** piety under Sif Muna
 10544 | D:10     | Reached skill level 10 in Stealth
 10759 | D:10     | Reached skill level 8 in Fighting
 10894 | D:10     | Reached skill level 11 in Stealth
 10966 | D:10     | Reached skill level 1 in Ice Magic
 11284 | D:10     | Upgraded the game from 0.31-a0-1469-gd420192 to
                  | 0.31-a0-1476-g8a4046a
 11288 | Lair:1   | Entered Level 1 of the Lair of Beasts
 11299 | Lair:1   | Identified a potion of might
 11457 | D:11     | Reached skill level 2 in Ice Magic
 11562 | D:11     | Noticed Maurice
 11649 | D:11     | Something stole 20 poisoned darts
 11650 | D:11     | Something stole a +0 vampiric dagger
 11651 | D:11     | Killed Maurice
 11700 | D:11     | Reached skill level 3 in Ice Magic
 11856 | D:11     | Noticed a two-headed ogre
 11900 | D:11     | Noticed Erolcha
 11905 | D:11     | Noticed a manticore
 11921 | D:11     | Killed a manticore
 11922 | D:11     | Reached skill level 9 in Fighting
 12114 | D:12     | Noticed a cyclops
 12135 | D:12     | Reached skill level 4 in Ice Magic
 12136 | D:12     | Noticed a deep elf pyromancer
 12141 | D:12     | Killed a deep elf pyromancer
 12142 | D:12     | Reached skill level 1 in Hexes
 12148 | D:12     | Reached **** piety under Sif Muna
 12159 | D:12     | Reached skill level 2 in Hexes
 12297 | D:12     | Reached skill level 3 in Hexes
 12306 | D:12     | Reached XP level 12. HP: 47/87 MP: 13/24
 12513 | D:12     | Reached skill level 10 in Fighting
 12665 | D:12     | Identified the +1 chain mail "Luskof" {Str+3}
 12767 | D:12     | Reached skill level 4 in Hexes
 13008 | D:12     | Found a staircase to the Orcish Mines.
 13159 | D:12     | Reached skill level 2 in Translocations
 13403 | D:12     | Reached skill level 3 in Translocations
 13496 | D:12     | Identified a scroll of fear
 13601 | Lair:1   | Reached skill level 5 in Hexes
 13873 | Lair:1   | Reached skill level 4 in Translocations
 13997 | Lair:1   | Reached skill level 6 in Hexes
 14171 | Lair:1   | Noticed Grum
 14182 | Lair:1   | Reached ***** piety under Sif Muna
 14189 | Lair:1   | Killed Grum
 14190 | Lair:1   | Reached skill level 5 in Translocations
 14196 | Lair:1   | Learned a level 4 spell: Vhi's Electric Charge
 14308 | Lair:1   | Reached skill level 1 in Air Magic
 14417 | Lair:1   | Reached skill level 2 in Air Magic
 14584 | Lair:1   | Reached skill level 7 in Hexes
 14754 | Lair:1   | Reached skill level 3 in Air Magic
 14846 | Lair:2   | Noticed a five-headed hydra
 14981 | Lair:2   | Received a gift from Sif Muna
 15160 | Lair:2   | Noticed a boulder beetle
 15182 | Lair:2   | Reached skill level 4 in Air Magic
 15268 | Lair:2   | Noticed a five-headed hydra
 15527 | Lair:2   | Noticed a boulder beetle
 15591 | Lair:2   | Killed a boulder beetle
 15592 | Lair:2   | Reached XP level 13. HP: 46/92 MP: 12/25
 16041 | Lair:3   | Found a hole to the Spider Nest.
 16062 | Lair:3   | Reached skill level 9 in Dodging
 16136 | Lair:3   | Reached skill level 5 in Air Magic
 16478 | Lair:3   | Found a staircase to the Shoals.
 16497 | Lair:3   | Identified a scroll of silence
 16643 | Lair:3   | Reached skill level 6 in Air Magic
 16762 | Lair:3   | Noticed Nergalle
 17033 | Lair:3   | Reached skill level 10 in Dodging
 17593 | Lair:3   | Killed Nergalle
 17887 | D:8      | Bought a manual of Short Blades for 1040 gold pieces
 18044 | Lair:4   | Reached skill level 1 in Short Blades
 18047 | Lair:4   | Reached skill level 2 in Short Blades
 18279 | Lair:4   | Found a viscous altar of Jiyva.
 18280 | Lair:4   | Found a staircase to the Slime Pits.
 18294 | Lair:4   | Noticed Kirke
 18301 | Lair:4   | Reached skill level 3 in Short Blades
 18322 | Lair:3   | Killed Kirke
 18323 | Lair:3   | Reached skill level 4 in Short Blades
 18541 | Lair:4   | Reached skill level 5 in Short Blades
 18745 | Lair:4   | Reached skill level 6 in Short Blades
 18795 | Lair:4   | Reached skill level 7 in Short Blades
 19332 | Lair:4   | Reached skill level 8 in Short Blades
 19625 | Lair:5   | Entered Level 5 of the Lair of Beasts
 19634 | Lair:5   | Reached skill level 9 in Short Blades
 19723 | Lair:5   | Reached skill level 10 in Short Blades
 19889 | Lair:5   | Reached skill level 11 in Short Blades
 20094 | Lair:5   | Found a runed translucent door.
 20129 | Lair:5   | Reached XP level 14. HP: 99/99 MP: 21/26
 20171 | Lair:5   | Received a gift from Sif Muna
 20173 | Lair:5   | Got Afog Lie's Monograph on Soot {god gift}
 20196 | Lair:5   | Noticed Anotheraccount's ghost (journeyman DsFi)
 20198 | Lair:5   | Identified the +10 spear of the Extremes {antimagic, *Noise
                  | rCorr Str+2}
 20213 | Lair:5   | Reached skill level 12 in Short Blades
 20213 | Lair:5   | Identified a scroll of enchant armour
 20336 | Lair:5   | Reached skill level 1 in Long Blades
 20604 | Lair:5   | Reached skill level 2 in Long Blades
 20683 | Lair:5   | Reached skill level 12 in Stealth
 20843 | Lair:5   | Identified a scroll of revelation
 21200 | Lair:5   | Reached skill level 9 in Spellcasting
 21976 | Orc:1    | Entered Level 1 of the Orcish Mines
 22212 | Orc:1    | Reached skill level 13 in Stealth
 22320 | Orc:1    | Found Pausixig's Gadget Gallery.
 22676 | Orc:2    | Entered Level 2 of the Orcish Mines
 22841 | Orc:2    | Received a gift from Sif Muna
 22873 | Orc:2    | Got Sif Muna's Catalogue of Vexatious Attacks {god gift}
 22898 | Orc:2    | Learned a level 3 spell: Tukima's Dance
 23091 | Orc:2    | Reached skill level 14 in Stealth
 23226 | Orc:2    | Found Ryisut's Weapon Emporium.
 23232 | Orc:2    | Reached skill level 10 in Spellcasting
 23254 | Orc:2    | Found Esyun's Armour Shoppe.
 23839 | Orc:2    | Reached skill level 15 in Stealth
 23971 | Orc:2    | Noticed Saint Roka
 24198 | Orc:2    | Received a gift from Sif Muna
 24233 | Orc:2    | Learned a level 3 spell: Dazzling Flash
 24291 | Orc:2    | Identified a scroll of summoning
 24479 | Orc:2    | Found Dalool's Magic Scroll Shop.
 24572 | Orc:2    | Reached XP level 15. HP: 90/103 MP: 22/29
 24614 | Orc:2    | HP: 4/103 [Saint Roka/+0 long sword (37)]
 24620 | Orc:2    | Killed Saint Roka
 24621 | Orc:2    | Reached skill level 11 in Spellcasting
 24913 | Orc:2    | Found Gaavi's Antique Armour Shoppe.
 25094 | Orc:2    | Bought a runed hat for 189 gold pieces
 25341 | Orc:2    | Found a staircase to the Elven Halls.
 25632 | D:11     | Killed Erolcha
 25650 | D:11     | Reached skill level 16 in Stealth
 26932 | D:13     | You are sucked into a shaft and drop 1 floor!
 26946 | D:14     | Identified a scroll of brand weapon
 27266 | D:13     | Reached skill level 17 in Stealth
 27377 | D:13     | Reached skill level 1 in Invocations
 27414 | D:13     | Found a gate to the Vaults.
 27604 | D:13     | Got the Teachings on Kindling and Formulae
 27688 | D:13     | Reached skill level 12 in Spellcasting
 27737 | D:13     | Reached skill level 2 in Invocations
 27900 | D:13     | Reached skill level 3 in Invocations
 28141 | D:13     | Identified 2 scrolls of amnesia
 28142 | D:13     | Identified 8 scrolls of vulnerability
 28202 | D:14     | Found a runed translucent gate.
 28219 | D:14     | Reached skill level 4 in Invocations
 28387 | D:14     | Found a runed translucent gate.
 28387 | D:14     | Found a runed translucent gate.
 28388 | D:14     | Noticed Letuz's ghost (journeyman MiFi)
 29078 | D:14     | Identified the ring "Upracept" {Fire ^Drain rElec rCorr
                  | Int+7}
 29262 | D:15     | Entered Level 15 of the Dungeon
 29268 | D:15     | Reached skill level 5 in Invocations
 29397 | D:15     | Reached skill level 6 in Invocations
 29532 | D:15     | Received a gift from Sif Muna
 29533 | D:15     | Got Sif Muna's Almanac of Curses {god gift}
 29552 | D:15     | Reached skill level 7 in Invocations
 30468 | D:15     | Reached skill level 8 in Invocations
 30497 | D:15     | Found a staircase to the Depths.
 31060 | Shoals:1 | Entered Level 1 of the Shoals
 31063 | Shoals:1 | Reached skill level 9 in Invocations
 31063 | Shoals:1 | Reached XP level 16. HP: 109/109 MP: 32/32
 31074 | Shoals:1 | Learned a level 3 spell: Stone Arrow
 31130 | Shoals:1 | Reached skill level 1 in Alchemy
 31732 | Shoals:1 | Reached skill level 2 in Alchemy
 31868 | Shoals:1 | Reached skill level 3 in Alchemy
 32034 | Shoals:1 | Reached skill level 10 in Invocations
 32211 | Shoals:1 | Reached skill level 4 in Alchemy
 32240 | Shoals:1 | Reached skill level 3 in Long Blades
 32324 | Shoals:1 | Found Suwiqoar's Mass Market.
 32325 | Shoals:1 | Noticed Jorgrun
 32334 | Shoals:1 | Identified 2 potions of cancellation
 32342 | Shoals:1 | Killed Jorgrun
 32615 | Shoals:1 | Reached skill level 4 in Long Blades
 32615 | Shoals:1 | Reached skill level 5 in Alchemy
 33068 | Shoals:2 | Noticed Ilsuiw
 33482 | Shoals:2 | Reached skill level 5 in Long Blades
 33482 | Shoals:2 | Reached skill level 6 in Alchemy
 33488 | Shoals:2 | Identified 3 scrolls of poison
 33489 | Shoals:2 | Identified 5 scrolls of immolation
 33490 | Shoals:2 | Identified 3 scrolls of torment
 33491 | Shoals:2 | Identified 2 scrolls of enchant weapon
 33492 | Shoals:2 | Identified 3 scrolls of noise
 33919 | Shoals:2 | Reached skill level 6 in Long Blades
 33964 | Shoals:2 | Killed Ilsuiw
 34645 | Shoals:2 | Reached skill level 7 in Long Blades
 34876 | Shoals:3 | Found Wahae's Distillery.
 34910 | Shoals:3 | HP: 1/109 [faun/sling bullet[a satyr] (9)]
 34910 | Shoals:3 | Shot with a sling bullet by a faun

Illustrated notes

Levels and vault maps discovered:
D:1:      lemuel_arrival_hallway, layout_loops_ring
D:2:      layout_loops_cross
D:3:      layout_rooms, minmay_bisected
D:4:      wander_river, layout_gridville, minmay_temple_entry_antechambers,
          uniq_duvessa, uniq_blork_the_orc, uniq_natasha
D:5:      layout_rooms, old_standard_altar, chequers_temple_overflow_minitemple,
          enter_ossuary_4
D:6:      layout_layer_cave, serial_shops, nicolae_shop_tiny_waterfront,
          chequers_big_river, nicolae_grassy_gnolls, uniq_pikel
D:7:      layout_cave_pools, nicolae_gozag_zags_fifth_avenue
D:8:      layout_basic, okawaru_trees_1, serial_shops, shop,
          nicolae_shop_waterfront, shop, kennysheep_mini, shop, chequers_jeans,
          uniq_prince_ribbit1, uniq_psyche
D:9:      layout_layer_cave, mainiacjoe_overflow_catwalk
D:10:     layout_layer_cave, david_lair_shrubbed, minmay_starry_boxes
D:11:     layout_rooms, uniq_erolcha, uniq_maurice
D:12:     layout_rooms, erik_orc_1, minmay_misc_feat_chi
D:13:     layout_stronghold, david_vaults_5
D:14:     layout_grid_maze, gammafunk_ghost_necromancy, patterned_corridor
D:15:     gammafunk_enter_depths_forms, layout_gridville, minivault_11
Temple:   eino_wide_crystal_templ
Lair:1:   layout_chaotic_city, chequers_serial_rivers_micro_c, st_stairs_4,
          uniq_grum
Lair:2:   layout_regular_city
Lair:3:   layout_cave_pods, shoals_dummy_entry, spider_nest_entry_a,
          nicolae_quartered_pool_impasse, grunt_megastairs_4,
          lemuel_fruit_fields, uniq_nergalle
Lair:4:   wad_woods_04, layout_regular_city, slime_entry_1, st_stairs_3,
          cheibrodos_lair_reptile_den, uniq_kirke
Lair:5:   hangedman_lair_tendril_chambers, layout_cellular_growth, wormcave,
          ebering_ghost_funeral_grove
Shoals:1: nicolae_shoals_aurelia_aurita, layout_shoals, minmay_shop_mass,
          hangedman_shoals_cup_caves, uniq_jorgrun
Shoals:2: layout_shoals, uniq_ilsuiw
Shoals:3: cheibrodos_shoals_epimethial_gifts, layout_shoals, serial_shops, shop
Orc:1:    layout_diamond_mine, nicolae_shop_gadgets
Orc:2:    pubby_orc_utopia, serial_shops

Skill      XL: |  1  2  3  4  5  6  7  8  9 10 11 12 13 14 15 16 |
---------------+-------------------------------------------------+-----
Conjurations   | 2 4 5 7 |  7.0
Dodging        | 4 7 8 10 | 10.0
Spellcasting   | 4 6 8 10 12 | 12.0
Fighting       | 2 6 9 10 | 10.0
Stealth        | 9 11 15 17 | 17.0
Ice Magic      | 4 |  4.0
Hexes          | 3 7 |  7.0
Translocations | 5 |  5.0
Air Magic      | 4 6 |  6.0
Short Blades   | 11 12 | 12.3
Long Blades    | 2 7 |  7.3
Invocations    | 9 10 | 10.0
Alchemy        | 6 |  6.0
Summonings     | |  1.0

Action                     |  1- 3 |  4- 6 |  7- 9 | 10-12 | 13-15 | 16-18 || total
---------------------------+-------+-------+-------+-------+-------+-------++-------
  Melee: Dagger            |    44 |    85 |   261 |   635 |  1001 |   199 ||  2225
         Constrict         |    10 |    22 |    53 |    73 |   142 |    22 ||   322
         Tentacles         |    10 |    28 |    80 |   193 |   274 |    67 ||   652
         Punch             |       |     3 |     2 |    14 |    17 |     6 ||    42
         Unarmed           |       |       |       |       |     6 |       ||     6
         Scimitar          |       |       |       |       |       |    22 ||    22
  Throw: Dart              |       |       |       |     1 |     1 |       ||     2
         Throwing net      |       |       |       |       |     1 |     1 ||     2
   Cast: Magic Dart        |    76 |    39 |   245 |   168 |    47 |       ||   575
         Blink             |       |     2 |       |     1 |     6 |     8 ||    17
         Slow              |       |     1 |       |     6 |       |       ||     7
         Mephitic Cloud    |       |       |       |    15 |    21 |    15 ||    51
         Ensorcelled Hiber |       |       |       |    96 |   303 |    83 ||   482
         Dazzling Flash    |       |       |       |       |    18 |     4 ||    22
         Tukima's Dance    |       |       |       |       |     4 |     1 ||     5
         Stone Arrow       |       |       |       |       |       |     2 ||     2
  Evoke: Wand              |       |       |       |       |     3 |     1 ||     4
    Use: Potion            |       |     2 |       |     3 |    13 |     3 ||    21
         Scroll            |       |       |     1 |    13 |    15 |    14 ||    43
   Stab: Sleeping          |       |     1 |     3 |    60 |   222 |    45 ||   331
         Confused          |       |       |       |    13 |    23 |    11 ||    47
         Invisible         |       |       |       |       |     5 |       ||     5
         Held in net/web   |       |       |       |       |     1 |     1 ||     2
         Distracted        |       |       |       |       |     1 |       ||     1
 Armour: Skin              |     9 |    39 |   124 |   236 |   335 |   107 ||   850
  Dodge: Dodged            |    40 |    95 |   441 |   886 |   926 |   267 ||  2655
  Block: Other             |       |       |       |       |       |    42 ||    42

Table legend: (Time is in decaauts)
 A = Elapsed time spent in this place.
 B = Non-inter-level travel time spent in this place.
 C = Inter-level travel time spent in this place.
 D = Time resting spent in this place.
 E = Time spent auto-exploring this place.
 F = Levels seen in this place.
 G = Mean time per level.
                   A        B        C        D        E       F      G
               +--------+--------+--------+--------+--------+-----+--------+
         Total |  34419 |  32424 |   1995 |   8150 |  17693 |  27 | 1274.8 |
       Dungeon |  18651 |  17542 |   1109 |   3813 |  10481 |  15 | 1243.4 |
        Temple |     30 |      1 |     29 |      0 |      0 |   1 |   30.0 |
          Lair |   8697 |   8125 |    572 |   2609 |   3919 |   5 | 1739.4 |
        Shoals |   3182 |   3039 |    143 |    871 |   1423 |   3 | 1060.7 |
  Orcish Mines |   3333 |   3192 |    141 |    696 |   1682 |   2 | 1666.5 |
       Ossuary |    523 |    523 |      0 |    160 |    188 |   1 |  523.0 |
               +--------+--------+--------+--------+--------+-----+--------+

Top non-repeatable levels by time:
   Orc:2: 2563 daAuts
  Lair:3: 2439 daAuts
  Lair:5: 2100 daAuts
     D:6: 1858 daAuts
    D:13: 1838 daAuts
    D:12: 1727 daAuts
Shoals:1: 1660 daAuts
     D:9: 1626 daAuts
    D:15: 1569 daAuts
    D:10: 1512 daAuts
  Lair:4: 1503 daAuts
  Lair:2: 1357 daAuts
Shoals:2: 1317 daAuts
  Lair:1: 1297 daAuts
    D:11: 1253 daAuts
